 Dungeon Crawl Stone Soup version 0.28-a0-1382-g92835e5c71 (webtiles) character file.

Game seed: 2489248584541785664

307 chunkyMonkey the Ruffian (level 5, -6/42 HPs)
             Began as a Demigod Transmuter on Jan 1, 2022.
             Mangled by Blork the orc (12 damage)
             ... on level 4 of the Dungeon.
             The game lasted 00:08:55 (5549 turns).

chunkyMonkey the Ruffian (Demigod Transmuter)       Turns: 5549, Time: 00:08:56

Health: -6/42      AC:  3    Str: 15    XL:     5   Next: 94%
Magic:  8/11       EV: 12    Int: 15    God:
Gold:   157        SH:  0    Dex: 14    Spells: 5/8 levels left

rFire   . . .      SeeInvis .     - Unarmed
rCold   . . .      Faith    .   (no shield)
rNeg    . . .      Spirit   .   a - +0 robe
rPois   .          Reflect  .   (helmet currently unavailable)
rElec   .          Harm     .   g - +1 cloak
rCorr   .          Rampage  .   (no gloves)
Will    .....                   (boots currently unavailable)
Stlth   +.........              (no amulet)
HPRegen 0.14/turn               (no ring)
MPRegen 0.12/turn               (no ring)

@: about to teleport, appendages, wereblooded
A: horns 2, talons 2, high mp 1, forlorn, divine attributes, deformed body,
MP-powered wands
a: End Transformation


You were on level 4 of the Dungeon.
You had temporarily grown beastly horns and talons.
You visited 1 branch of the dungeon, and saw 5 of its levels.

You collected 157 gold pieces.

Inventory:

Armour
 a - a +0 robe (worn)
 g - a +1 cloak (worn)
 j - a +0 pair of boots (melded)
Jewellery
 d - an amulet of guardian spirit
 l - a ring of poison resistance
Scrolls
 b - a scroll of fog {unknown}
 c - 4 scrolls of teleportation
 e - a scroll of fear
 f - 2 scrolls of blinking
 i - 2 scrolls of magic mapping
 k - a scroll of noise {unknown}
Potions
 h - 2 potions of attraction


   Skills:
 * Level 2.5 Fighting
 * Level 2.3 Armour
 + Level 2.4 Dodging
 * Level 3.6 Unarmed Combat
 + Level 2.3 Spellcasting
 * Level 3.1 Transmutations


You had 5 spell levels left.
You knew the following spells:

 Your Spells              Type           Power      Damage    Failure   Level
a - Beastly Appendage     Tmut           22%        N/A       6%          1
b - Wereblood             Tmut           11%        N/A       9%          2

Your spell library contained the following spells:

 Spells                   Type           Power      Damage    Failure   Level
 Magic Dart               Conj           4%         1d3       22%         1
 Call Imp                 Summ           1%         N/A       32%         2
 Static Discharge         Conj/Air       1%         N/A       32%         2
 Spider Form              Tmut/Pois      6%         N/A       34%         3
 Mephitic Cloud           Conj/Pois/Air  1%         N/A       54%         3
 Ice Form                 Ice/Tmut       6%         N/A       75%         4
 Lightning Bolt           Conj/Air       0%         1d11      99%         5
 Maxwell's Capacitive Co  Air            0%         ∞         100%        8


Dungeon Overview and Level Annotations

Branches:
Dungeon (5/15)
 Temple: D:4-7

Shops:
D:3 [

Annotations:
D:2 1 runed translucent door, Crazy Yiuf
D:4 2 transporters, Blork the orc; SnakkuSnakku7's ghost, novice NaTm


Innate Abilities, Weirdness & Mutations

You have temporarily grown beastly horns and talons.
You have an increased reservoir of magic. (+10% MP)
You shall have no god before yourself.
Your divine heritage dramatically boosts your attributes as you level up.
Armour fits poorly on your strangely shaped body.
You expend magic power (3 MP) to strengthen your wands.


Message History

Magic restored.
You start resting.
You start resting.
HP restored.
You start waiting.
Done waiting.
You start waiting.
Done waiting.
Found a +0 robe.
Okay, then.
Found a whip.
l - a ring of poison resistance
Casting: Beastly Appendage (safe; 6% risk of failure)
Confirm with . or Enter, or press ? or * to list all spells.
Your blood is infused with primal strength.
Blork the orc gestures at you while chanting.
The magic dart hits you.
Casting: Wereblood (safe; 9% risk of failure)
Confirm with . or Enter, or press ? or * to list all spells.
You grow a pair of large bovine horns.
Your feet morph into talons.
Your +0 pair of boots melds into your body.
You aren't carrying any items that you can evoke.
Unknown command.
Blork the orc hits you with a +1 glaive of flaming!
Blork the orc burns you.
You hit Blork the orc. You headbutt Blork the orc.
Blork the orc is lightly wounded.
Blork the orc miscasts a cantrip.
You barely miss Blork the orc. You claw Blork the orc.
Your headbutt misses Blork the orc.
Blork the orc is moderately wounded.
Blork the orc complains noisily, as Orcs often do.
Blork the orc hits you with a +1 glaive of flaming!
* * * LOW HITPOINT WARNING * * *
Blork the orc burns you.
* * * LOW HITPOINT WARNING * * *
As you read the scroll of teleportation, it crumbles to dust.
You feel strangely unstable.
Blork the orc hits you with a +1 glaive of flaming!
You die...

........# #.......#.....#
........## ##............#
.........# ##.....##..#####
...#..##.#### ##...##.##...#
...#........###........##..#
..##.........o.......#.##..#
####........####............
............# #o....##).....
.###..†.....# #@....#
##....# .# #........#
#.....# .... .# #........#
#.....# ... .# #........#
#####.... .. .# #......?.#
##### .# ########## .# .# .#


You could see Blork the orc.

Vanquished Creatures
  A necrophage (D:4)
  A hound (D:4)
  A centaur skeleton (D:4)
  An iguana (D:3)
  6 adders
  An adder skeleton (D:4)
  2 worms (D:2)
  2 dart slugs
  2 orcs (D:3)
  5 ball pythons
  6 bats
  6 endoplasms
  5 giant cockroaches
  3 goblins
  9 hobgoblins
  2 jackals (D:2)
  2 quokkas (D:4)
  2 frilled lizards
  8 kobolds
  3 rats
68 creatures vanquished.

Notes
Turn   | Place    | Note
-------+----------+-------------------------------------------
     0 | D:1      | chunkyMonkey the Demigod Transmuter began the quest for the
                  | Orb.
     0 | D:1      | Reached XP level 1. HP: 15/15 MP: 5/5
    14 | D:1      | Noticed a lindwurm
    14 | D:1      | Noticed an anaconda
    15 | D:1      | Noticed a wolf
    15 | D:1      | Noticed a swamp drake
    61 | D:1      | Reached skill level 1 in Fighting
   238 | D:1      | Reached XP level 2. HP: 4/23 MP: 5/7
   778 | D:1      | Learned a level 2 spell: Wereblood
  1389 | D:2      | Reached skill level 1 in Armour
  1457 | D:2      | Reached XP level 3. HP: 28/28 MP: 5/8
  2849 | D:2      | Found a runed translucent door.
  2850 | D:2      | Noticed Crazy Yiuf
  2958 | D:3      | Reached XP level 4. HP: 35/36 MP: 1/9
  3168 | D:3      | Found Xixtiyle's Armour Boutique.
  3847 | D:4      | Noticed an ogre
  3968 | D:4      | Noticed Blork the orc
  4342 | D:4      | Gained mutation: You are frail. (-10% HP) [potion of
                  | mutation]
  4342 | D:4      | Gained mutation: Your flesh is heat resistant. (rF+)
                  | [potion of mutation]
  4343 | D:4      | Lost mutation: You are frail. (-10% HP) [potion of
                  | mutation]
  4343 | D:4      | Lost mutation: Your flesh is heat resistant. (rF+) [potion
                  | of mutation]
  4343 | D:4      | Gained mutation: Armour fits poorly on your strangely
                  | shaped body. [potion of mutation]
  4343 | D:4      | Gained mutation: You expend magic power (3 MP) to
                  | strengthen your wands. [potion of mutation]
  4423 | D:4      | Noticed a necrophage
  4498 | D:4      | Reached XP level 5. HP: 35/41 MP: 9/11
  4522 | D:4      | Killed a necrophage
  4574 | D:5      | Entered Level 5 of the Dungeon
  4575 | D:5      | HP: 1/42 [adder (3)]
  4982 | D:4      | Found a transporter.
  4985 | D:4      | Found a transporter.
  4986 | D:4      | Noticed SnakkuSnakku7's ghost (novice NaTm)
  5549 | D:4      | Mangled by Blork the orc

Illustrated notes

Levels and vault maps discovered:
D:1:      onia_arrival_zoo_common, layout_loops_ring,
          chequers_ecumenical_altar_island
D:2:      minmay_razor_zed, layout_loops_ring, uniq_crazy_yiuf_cottage
D:3:      layout_rooms, mainiacjoe_overflow_brackets, lemuel_tele_altar,
          nicolae_uskayaw_dance_hall, serial_shops, shop
D:4:      layout_rooms, gammafunk_ghost_mausoleum, uniq_blork_the_orc
D:5:      layout_loops_cross, mainiacjoe_overflow_cross_hatched,
          minmay_temple_entry_statues, serial_shops, kennysheep_mini_moat,
          hex_tiny, minivault_24, uniq_menkaure

Skill      XL: |  1  2  3  4  5 |
---------------+----------------+-----
Fighting       | 1 2 |  2.5
Transmutations | 2 3 |  3.1
Armour         | 1 2 |  2.3
Unarmed Combat | 3 |  3.6
Dodging        | 2 |  2.4
Spellcasting   | 2 |  2.3

Action                   |  1- 3 |  4- 6 || total
-------------------------+-------+-------++-------
Melee: Unarmed           |   127 |    80 ||   207
       Kick              |    26 |    22 ||    48
       Headbutt          |    15 |    11 ||    26
       Punch             |     4 |       ||     4
 Cast: Beastly Appendage |    40 |    22 ||    62
       Wereblood         |    27 |     8 ||    35
  Use: Scroll            |     4 |     5 ||     9
       Potion            |       |     2 ||     2
 Stab: Sleeping          |     2 |       ||     2
Armor: Robe              |    23 |    15 ||    38
Dodge: Dodged            |    94 |    44 ||   138

Table legend: (Time is in decaauts)
 A = Elapsed time spent in this place.
 B = Non-inter-level travel time spent in this place.
 C = Inter-level travel time spent in this place.
 D = Time resting spent in this place.
 E = Time spent auto-exploring this place.
 F = Levels seen in this place.
 G = Mean time per level.
                   A        B        C        D        E       F      G
               +--------+--------+--------+--------+--------+-----+--------+
         Total |   5547 |   5255 |    292 |   1986 |   2408 |   5 | 1109.4 |
       Dungeon |   5547 |   5255 |    292 |   1986 |   2408 |   5 | 1109.4 |
               +--------+--------+--------+--------+--------+-----+--------+

Top non-repeatable levels by time:
     D:1: 1532 daAuts
     D:3: 1473 daAuts
     D:2: 1353 daAuts
     D:4: 890 daAuts
     D:5: 297 daAuts
